 Dungeon Crawl Stone Soup version 0.30-a0-168-g0b976cbdc4 (webtiles) character file.

Game seed: 15815709182872660473

25 qw the Shield-Bearer (level 3, 0/23 HPs)
             Began as a Gargoyle Fighter on Sept 29, 2022.
             Slain by a bat (1 damage)
             ... on level 2 of the Dungeon.
             The game lasted 00:00:18 (1158 turns).

qw the Shield-Bearer (Gargoyle Fighter)             Turns: 1158, Time: 00:00:18

Health: 0/23       AC: 14    Str: 21    XL:     3   Next: 6%
Magic:  3/3        EV:  5    Int:  8    God:
Gold:   102        SH:  4    Dex:  9    Spells: 2/2 levels left

rFire   . . .      SeeInvis .    Y - +0 war axe
rCold   . . .      Faith    .    c - +0 buckler
rNeg    + . .      Spirit   .    e - +0 plate armour
rPois   inf        Reflect  .    (no helmet)
rElec   +          Harm     .    g - scarf {repulsion}
rCorr   .          Rampage  .    (no gloves)
Will    .....                    (no boots)
Stlth   ..........               (no amulet)
HPRegen 0.07/turn                (no ring)
MPRegen 0.08/turn                (no ring)

@: repel missiles
A: sickness immunity, AC +3, negative energy resistance 1, electricity
resistance, torment resistance 1, petrification resistance
a: no special abilities


You were on level 2 of the Dungeon.
You visited 1 branch of the dungeon, and saw 2 of its levels.

You collected 102 gold pieces.


Innate Abilities, Weirdness & Mutations

You are immune to sickness and miasma.
Your stone body is resilient. (AC +3)
You are immune to poison.
You resist negative energy. (rN+)
You are resistant to electric shocks. (rElec)
You are resistant to unholy torment.
You are immune to petrification.


   Skills:
 - Level 3.2 Fighting
 + Level 3.1 Axes
 - Level 3.2 Armour
 - Level 3.2 Shields


You had 2 spell levels left.
You didn't know any spells.
Your spell library was empty.

Inventory:

Hand Weapons
 h - a +0 club
 Y - a +0 war axe (weapon)
Armour
 c - a +0 buckler (worn)
 e - a +0 plate armour (worn)
 g - a scarf of repulsion (worn)
Potions
 d - a potion of might

Dungeon Overview and Level Annotations

Branches:
Dungeon (2/15)

Altars:


Message History

You barely miss the orc. The orc hits you with a +0 short sword.
You barely miss the orc. The orc hits you but does no damage. x2
You closely miss the orc. The orc hits you but does no damage.
You block the orc's attack.
The orc hits you from afar with a +0 trident.
The orc hits you but does no damage.
You barely miss the orc. You block the orc's attack.
The orc hits you from afar with a +0 trident.
You barely miss the orc.
A bat comes into view.
A hobgoblin comes into view. It is wielding a +0 quarterstaff.
The orc hits you but does no damage.
The orc hits you from afar with a +0 trident.
You closely miss the orc.
The hobgoblin shouts!
The orc hits you but does no damage.
The orc hits you from afar with a +0 trident.
You block the orc's attack.
You closely miss the orc. The bat hits you. The bat completely misses you.
The bat hits you but does no damage. The orc hits you but does no damage. x2
You slash the orc!
You kill the orc!
You barely miss the bat. The bat barely misses you.
The bat hits you but does no damage.
The orc hits you from afar with a +0 trident.
The orc barely misses you. The bat barely misses you.
You miss the bat.
The bat hits you but does no damage. x2; You block the bat's attack.
You block the orc's attack.
You closely miss the bat. You closely miss the hobgoblin.
The bat hits you but does no damage.
The hobgoblin hits you with a +0 quarterstaff.
The orc hits you but does no damage. The bat hits you but does no damage.
You closely miss the hobgoblin. You closely miss the bat. The bat hits you.
You die...

#.>###....
#.........
#.<# ##..#
#...#
#..## #..#
#.b# #@)#
#g.#
.......o.#
#.#o##..##
#... #...
#.#.# #.
.. .. .#


You could see an orc, a hobgoblin and a bat.

Vanquished Creatures
  A dart slug (D:1)
  An orc (D:2)
  A bat (D:1)
  2 endoplasms (D:1)
  2 goblins (D:1)
  A hobgoblin (D:1)
  4 jackals (D:1)
  A quokka (D:1)
  4 kobolds (D:1)
  2 rats (D:1)
19 creatures vanquished.

Notes
Turn   | Place    | Note
-------+----------+-------------------------------------------
     0 | D:1      | qw the Gargoyle Fighter began the quest for the Orb.
     0 | D:1      | Reached XP level 1. HP: 14/14 MP: 1/1
     0 | D:1      | 0 ||| qw: Version: 0.2-a-12-gaebbb33
     0 | D:1      | 0 ||| qw: Game counter: 1206
     0 | D:1      | 0 ||| qw: Always use a shield: true
     0 | D:1      | 0 ||| qw: God list: Okawaru
     0 | D:1      | 0 ||| qw: Allow faded altars: false
     0 | D:1      | 0 ||| qw: Do Orc after D:15 true
     0 | D:1      | 0 ||| qw: Do second Lair branch before Depths: true
     0 | D:1      | 0 ||| qw: Lair rune preference: random
     0 | D:1      | 0 ||| qw: Plans: Normal, Zot:1-4, God:TSO, Crypt, Tomb,
                  | Pan, Slime:5, Hells, Abyss, Orb
     0 | D:1      | 0 ||| PLANNING D:1-11
   352 | D:1      | Reached XP level 2. HP: 19/19 MP: 2/2
   356 | D:1      | Found a faded altar of an unknown god.
   711 | D:1      | 711 ||| Stepping ~*~*~tactically~*~*~ (hiding).
   720 | D:1      | Reached skill level 3 in Axes
   971 | D:1      | Reached XP level 3. HP: 23/23 MP: 3/3
  1089 | D:1      | 1089 ||| UPGRADING to +0 plate armour.
  1099 | D:1      | 1099 ||| DROPPING +0 scale mail.
  1100 | D:1      | 1100 ||| UPGRADING to scarf of repulsion.
  1105 | D:1      | 1105 ||| READING scroll labelled ZASSUASSITE.
  1106 | D:1      | 1106 ||| READING scroll labelled VAGOLU IGGEOSO.
  1145 | D:2      | 1145 ||| Stepping ~*~*~tactically~*~*~ (hiding).
  1155 | D:2      | HP: 4/23 [orc/+0 trident (4)]
  1157 | D:2      | HP: 1/23 [hobgoblin/+0 quarterstaff (4)]
  1158 | D:2      | Slain by a bat

Levels and vault maps discovered:
D:1:      dpeg_arrival_brainrot, layout_loops_corners,
          hellmonk_ecumenical_altar_inner_sanctum, chequers_jeans
D:2:      layout_loops_ring, amcnicky_mini_rare_corridor_liquid, hex_large

Skill      XL: |  1  2 |
---------------+-------+-----
Axes           | 2 3 |  3.1
Fighting       | |  3.2
Armour         | |  3.2
Shields        | |  3.2

Action                   || total
-------------------------++-------
Melee: War axe           ||    71
  Use: Scroll            ||     2
Armor: Scale mail        ||    28
       Plate armour      ||    15
Dodge: Dodged            ||    32
Block: Buckler           ||    16

Table legend:
 A = Non-vault XP
 B = Vault XP
 C = Vault XP percentage of total XP
 D = Non-vault monster count
 E = Vault monster count
 F = Vault count percentage of total count
                 A         B        C        D         E       F
            +---------+---------+-------+---------+---------+-------
      Total |      35 |       2 |   5.4 |      18 |       1 |   5.3
            +---------+---------+-------+---------+---------+-------
        D:1 |      32 |       2 |   5.9 |      17 |       1 |   5.6
        D:2 |       3 |       0 |   0.0 |       1 |       0 |   0.0
            +---------+---------+-------+---------+---------+-------
